 Dungeon Crawl Stone Soup version 0.26-a0-466-g989023bd0d (webtiles) character file.

Game seed: 1391694340723129065

207 DeltaSign the Chopper (level 5, 0/47 HPs)
             Began as a Minotaur Berserker on July 30, 2020.
             Was a Priest of Trog.
             Shot with an arrow by a centaur (8 damage)
             ... on level 5 of the Dungeon.
             The game lasted 00:03:53 (2942 turns).

DeltaSign the Chopper (Minotaur Berserker)          Turns: 2942, Time: 00:03:54

Health: 0/47       AC:  9    Str: 22    XL:     5   Next: 54%
Magic:  4/4        EV:  9    Int:  4    God:    Trog [***...]
Gold:   227        SH:  0    Dex: 10    Spells: 4/4 levels left

rFire    . . .     SeeInvis .   a - +0 hand axe
rCold    . . .     Faith    .   (no shield)
rNeg     . . .     Spirit   .   o - +0 chain mail
rPois    .         Reflect  .   (helmet restricted)
rElec    .         Harm     .   (no cloak)
rCorr    .                      (no gloves)
MR       .....                  (no boots)
Stlth    ..........             (no amulet)
HPRegen  0.15/turn              (no ring)
MPRegen  0.09/turn              (no ring)

@: no status effects
A: retaliatory headbutt, horns 2
a: Berserk, Trog's Hand, Renounce Religion


You were on level 5 of the Dungeon.
You worshipped Trog.
Trog was most pleased with you.
You visited 1 branch of the dungeon, and saw 5 of its levels.

You collected 227 gold pieces.

Inventory:

Hand Weapons
 a - a +0 hand axe (weapon)
Armour
 o - a +0 chain mail (worn)
Wands
 m - a wand of flame (21)
Scrolls
 b - 5 scrolls of identify {unknown}
 c - 3 scrolls of remove curse {unknown}
 d - 4 scrolls of teleportation {unknown}
 e - a scroll of fog {unknown}
 f - 5 scrolls of random uselessness {unknown}
 i - a scroll of blinking {unknown}
 j - a scroll of enchant weapon {unknown}
 l - a scroll of amnesia {unknown}
 n - a scroll of noise {unknown}
Potions
 g - a potion of heal wounds {unknown}
 h - a potion of might {unknown}
 k - a potion of brilliance {unknown}


   Skills:
 + Level 4.7 Fighting
 * Level 5.5 Axes
 + Level 3.7 Armour
 + Level 3.4 Dodging


You had 4 spell levels left.
You didn't know any spells.
Your spell library was empty.

Dungeon Overview and Level Annotations

Branches:
Dungeon (4/15)
 Temple: D:4-7

Altars:
Dithmenos
Fedhas
Hepliaklqana

Annotations:
D:3 exclusion: oklob plant


Innate Abilities, Weirdness & Mutations

You reflexively headbutt those who attack you in melee.
You have a pair of horns on your head.


Message History

You kill the hound!
Trog accepts your kill.
Found 15 stones.
Found 11 gold pieces.
A centaur comes into view.
The centaur wields a cursed -2 shortbow.
The centaur shoots an arrow.
The arrow hits you.
You see here an arrow.
The centaur shoots an arrow.
The arrow hits you!
The centaur shoots an arrow.
The arrow barely misses you.
You see here 2 arrows.
The centaur shoots an arrow.
The arrow hits you!
* * * LOW HITPOINT WARNING * * *
You see here an arrow.
The centaur shoots an arrow.
The arrow hits you but does no damage.
You see here an arrow.
The centaur shoots an arrow.
The arrow hits you.
* * * LOW HITPOINT WARNING * * *
The centaur shoots an arrow.
The arrow hits you!
You die...

## ..# #.# #.#
#####.## #.....c#
#.# #..# #.#
#.@####...
#.###.###((..$....
#.(.....((#####...
#####.#####
###.### #.....#
#.....# #.....#
#.....#


You could see a centaur.

Vanquished Creatures
  An orc priest (D:5)
  A hound (D:5)
  An orc wizard (D:5)
  3 adders
  An ooze (D:2)
  4 worms
  3 dart slugs
  3 leopard geckos
  6 orcs
  4 ball pythons
  A giant cockroach (D:1)
  5 goblins
  7 hobgoblins
  5 jackals (D:3)
  6 kobolds
  2 quokkas (D:3)
  7 bats
  5 frilled lizards
  A giant cockroach zombie (D:5)
  8 rats
74 creatures vanquished.

Notes
Turn   | Place    | Note
-------+----------+-------------------------------------------
     0 | D:1      | DeltaSign the Minotaur Berserker began the quest for the
                  | Orb.
     0 | D:1      | Reached XP level 1. HP: 19/19 MP: 0/0
   183 | D:1      | Reached XP level 2. HP: 27/27 MP: 1/1
   206 | D:1      | Reached skill level 4 in Axes
   999 | D:2      | Reached XP level 3. HP: 32/33 MP: 2/2
  1041 | D:2      | Reached ** piety under Trog
  1810 | D:3      | Reached XP level 4. HP: 40/40 MP: 3/3
  2013 | D:3      | Reached skill level 5 in Axes
  2021 | D:3      | Found a hazy altar of Hepliaklqana.
  2049 | D:3      | Found a blossoming altar of Fedhas.
  2064 | D:3      | Noticed an oklob plant
  2200 | D:3      | Found a shadowy altar of Dithmenos.
  2642 | D:4      | Reached *** piety under Trog
  2866 | D:4      | You fall into a shaft and drop 1 floor!
  2866 | D:5      | Entered Level 5 of the Dungeon
  2889 | D:5      | Reached XP level 5. HP: 28/47 MP: 4/4
  2938 | D:5      | Noticed a centaur
  2942 | D:5      | Shot with an arrow by a centaur

Illustrated notes

Levels and vault maps discovered:
D:1:      dpeg_arrival_pond, layout_basic, serial_bayou_lagoon_b
D:2:      layout_basic, hangedman_feature_mirror, minivault_14
D:3:      layout_basic, lemuel_doored_altar, overflow_temple_1_default,
          minmay_misc_feat_hallway, tgw_fedhas
D:4:      layout_basic, minmay_temple_entry_junction_2, portal_sewer_entry_d,
          minmay_strange_pillars, uniq_edmund
D:5:      layout_loops_corners, uniq_pikel

Skill      XL: |  1  2  3  4 |
---------------+-------------+-----
Axes           | 4 5 |  5.5
Fighting       | 4 |  4.7
Armour         | 3 |  3.7
Dodging        | 3 |  3.4

Action                   |  1- 3 |  4- 6 || total
-------------------------+-------+-------++-------
Melee: Hand axe          |    68 |    84 ||   152
       Headbutt          |    11 |    14 ||    25
Armor: Animal skin       |     9 |       ||     9
       Leather armour    |     3 |       ||     3
       Ring mail         |       |    23 ||    23
       Chain mail        |       |    14 ||    14
Dodge: Dodged            |    49 |    57 ||   106

Table legend: (Time is in decaauts)
 A = Elapsed time spent in this place.
 B = Non-inter-level travel time spent in this place.
 C = Inter-level travel time spent in this place.
 D = Time resting spent in this place.
 E = Time spent auto-exploring this place.
 F = Levels seen in this place.
 G = Mean time per level.
                   A        B        C        D        E       F      G
               +--------+--------+--------+--------+--------+-----+--------+
         Total |   2971 |   2908 |     63 |    154 |   2346 |   5 |  594.2 |
       Dungeon |   2971 |   2908 |     63 |    154 |   2346 |   5 |  594.2 |
               +--------+--------+--------+--------+--------+-----+--------+

Top non-repeatable levels by time:
     D:2: 1044 daAuts
     D:1: 789 daAuts
     D:3: 690 daAuts
     D:4: 371 daAuts
     D:5: 76 daAuts
